 Dungeon Crawl Stone Soup version 0.25.1-2-g60ff931df9 (webtiles) character file.

Game seed: 10619655350698048560

373 nicanaca0 the Covered (level 6, -13/39 HPs)
             Began as a Gargoyle Fighter on Nov 8, 2020.
             Mangled by a two-headed ogre
             ... wielding a +0 giant club
              (14 damage)
             ... on level 4 of the Dungeon.
             The game lasted 00:03:54 (3208 turns).

nicanaca0 the Covered (Gargoyle Fighter)            Turns: 3208, Time: 00:03:54

Health: -13/39     AC: 10    Str: 21    XL:     6   Next: 72%
Magic:  6/6        EV: 10    Int:  8    God:
Gold:   189        SH:  4    Dex: 10    Spells: 5/5 levels left

rFire    + . .     SeeInvis .   j - +0 whip (drain)
rCold    . . .     Gourm    .   k - +0 buckler
rNeg     + . .     Faith    .   t - +0 ring mail {MR+}
rPois    ∞         Spirit   .   (no helmet)
rElec    +         Reflect  .   (no cloak)
rCorr    .         Harm     .   (no gloves)
MR       +....     Rnd*Tele +   (no boots)
Stlth    ..........             (no amulet)
HPRegen  0.13/turn              g - ring of protection from fire
MPRegen  0.10/turn              r - ring of teleportation (curse)

@: mighty
A: negative energy resistance 1, electricity resistance, unbreathing,
petrification resistance, rot immunity, AC +4
a: no special abilities


You were on level 4 of the Dungeon.
You were not hungry.

You visited 1 branch of the dungeon, and saw 4 of its levels.

You collected 189 gold pieces.

Inventory:

Hand Weapons
 e - a +0 whip of venom
 j - a +0 whip of draining (weapon)
Armour
 a - a +0 scale mail
 b - a +0 kite shield
 k - a +0 buckler (worn)
 t - a +0 ring mail of magic resistance (worn)
 x - a +0 pair of gloves
Jewellery
 g - a ring of protection from fire (left hand)
 i - an uncursed ring of ice
 r - a cursed ring of teleportation (right hand)
Wands
 u - a wand of acid (13)
Scrolls
 f - 4 scrolls of identify {unknown}
 m - 3 scrolls of teleportation {unknown}
 n - 3 scrolls of remove curse {unknown}
 s - a scroll of blinking {unknown}
 v - a scroll of enchant weapon {unknown}
 y - a scroll of noise {unknown}
Potions
 c - a potion of might
 h - a potion of invisibility {unknown}
 l - 3 potions of cancellation {unknown}
 o - a potion of curing {unknown}
 p - a potion of flight {unknown}
 q - a potion of stabbing {unknown}
 z - 2 potions of berserk rage {unknown}
Comestibles
 d - 5 rations
 w - a chunk of flesh


   Skills:
 + Level 4.6 Fighting
 + Level 4.6 Armour
 + Level 4.5 Shields
 * Level 4.6 Unarmed Combat


You had 5 spell levels left.
You didn't know any spells.
Your spell library was empty.

Dungeon Overview and Level Annotations

Branches:
Dungeon (4/15)
 Temple: D:4-7

Altars:
Hepliaklqana
Kikubaaqudgha
Vehumet


Innate Abilities, Weirdness & Mutations

You are resistant to torment.
Your stone body is resilient. (AC +4)
You are immune to poison.
You resist negative energy. (rN+)
You are resistant to electric shocks. (rElec)
You can survive without breathing.
You are immune to petrification.
You are immune to rotting.


Message History

You whack the two-headed ogre!
The two-headed ogre is lightly wounded.
The two-headed ogre barely misses you.
The two-headed ogre hits you with a +0 giant club.
* * * LOW HITPOINT WARNING * * *
You whack the two-headed ogre!
The two-headed ogre is moderately wounded.
You barely miss the two-headed ogre.
The two-headed ogre is moderately wounded.
The two-headed ogre barely misses you. The two-headed ogre misses you.
You barely miss the two-headed ogre.
The two-headed ogre is moderately wounded.
The two-headed ogre hits you with a +0 giant club!
* * * LOW HITPOINT WARNING * * *
You block the two-headed ogre's attack.
You hit the two-headed ogre. You drain the two-headed ogre.
The two-headed ogre is heavily wounded.
The two-headed ogre closely misses you.
The two-headed ogre hits you with a +0 giant club!
You die...

###..###.. #.....
##..####.# #.##..
##........# #.##..
.....######## ### #
#.# . ##.<.........
..# #.##.##..
##.########## #.#
#........ ...# #.#
####.###. ...# #.#
#..... #.## #@#
#..... #.# #O# #.##..
#.# ########a# #.##..
#.# #...÷..#.#
##.##..
#.#######.####.#$####
####...#..
..........####.#....#
#.........
#.###..........####.#
#.##...#.# #.#
#.########.# #.#
#.###.##.# #.###.####
#.# #.####.###>##.#


You could see a two-headed ogre (drained) and a worker ant.

Vanquished Creatures
  A bullfrog (D:4)
  2 hounds
  A bullfrog skeleton (D:4)
  Natasha (twice) (D:4)
  A worker ant (D:4)
  A howler monkey skeleton (D:4)
  3 adders (D:4)
  5 oozes (D:1)
  A worm (D:1)
  2 dart slugs (D:1)
  A leopard gecko (D:4)
  9 orcs
  3 giant cockroaches
  8 goblins
  5 hobgoblins
  9 jackals
  2 quokkas (D:3)
  2 bats
  7 frilled lizards
  4 kobolds
  A quokka skeleton (D:4)
  14 rats
84 creatures vanquished.

Notes
Turn   | Place    | Note
-------+----------+-------------------------------------------
     0 | D:1      | nicanaca0 the Gargoyle Fighter began the quest for the Orb.
     0 | D:1      | Reached XP level 1. HP: 14/14 MP: 1/1
     1 | D:1      | Found a runed translucent door.
   231 | D:1      | Reached XP level 2. HP: 16/19 MP: 2/2
   725 | D:1      | Reached XP level 3. HP: 23/23 MP: 3/3
   874 | D:1      | Reached XP level 4. HP: 20/29 MP: 4/4
  1160 | D:2      | Found an ancient bone altar of Kikubaaqudgha.
  1242 | D:2      | Found a radiant altar of Vehumet.
  1822 | D:3      | Reached XP level 5. HP: 29/33 MP: 5/5
  2741 | D:4      | Found a hazy altar of Hepliaklqana.
  2752 | D:4      | Reached XP level 6. HP: 38/39 MP: 6/6
  2852 | D:4      | Noticed Natasha
  2858 | D:4      | Killed Natasha
  2908 | D:4      | Noticed Natasha
  2918 | D:4      | Killed Natasha
  3172 | D:4      | Noticed a two-headed ogre
  3207 | D:4      | HP: 1/39 [two-headed ogre/+0 giant club (11)]
  3208 | D:4      | Mangled by a two-headed ogre

Illustrated notes

Levels and vault maps discovered:
D:1:      dpeg_arrival_caged_fury, layout_basic
D:2:      layout_basic, kiku_gazebo_garden_becter, fiery_altar_vehumet,
          first_ration
D:3:      layout_basic
D:4:      layout_loops_ring, kennysheep_mini, lemuel_doored_altar,
          guppyfry_early_lair_pool, uniq_natasha

Skill      XL: |  1  2  3  4  5 |
---------------+----------------+-----
Unarmed Combat | 3 4 |  4.6
Fighting       | 4 |  4.6
Shields        | 4 |  4.5
Armour         | 4 |  4.6

Action                   |  1- 3 |  4- 6 || total
-------------------------+-------+-------++-------
Melee: Whip              |   115 |   215 ||   330
  Use: Potion            |       |     1 ||     1
  Eat: Chunk             |       |     8 ||     8
Armor: Scale mail        |    73 |    19 ||    92
       Ring mail         |       |    75 ||    75
Dodge: Dodged            |    68 |   106 ||   174
Block: Kite shield       |    27 |       ||    27
       Buckler           |    15 |    36 ||    51
